 Dungeon Crawl Stone Soup version 0.31-a0-355-g57cb03d3e8 (webtiles) character file.

Game seed: 13237607327985548487

3228 Maratek the Fighter (level 9, 0/98 HPs)
             Began as an Ogre Berserker on July 24, 2023.
             Was an Elder of Trog.
             Slain by Grum
             ... wielding a +0 spear
              (6 damage)
             ... on level 9 of the Dungeon.
             The game lasted 00:25:37 (6926 turns).

Maratek the Fighter (Ogre Berserker)                Turns: 6926, Time: 00:25:38

Health: 0/98       AC:  4    Str: 23    XL:     9   Next: 98%
Magic:  9/9        EV: 10    Int:  8    God:    Trog [****..]
Gold:   397        SH:  9    Dex: 12    Spells: 8/8 levels left

rFire   . . .        f - +4 flail (venom)
rCold   . . .        p - +0 kite shield
rNeg    . . .        b - +0 animal skin
rPois   .            (helmet restricted)
rElec   .            u - +0 cloak
rCorr   .            (gloves unavailable)
SInv    .            (boots unavailable)
Will    +....        l - amulet of regeneration
Stlth   ++           h - ring of willpower
HPRegen 1.16/turn    (no ring)
MPRegen 0.11/turn

%: no passive effects
@: no status effects
A: large, unfitting armour, tough skin 1
a: Renounce Religion, Berserk, Trog's Hand, Brothers in Arms


You were on level 9 of the Dungeon.
You worshipped Trog.
Trog was greatly pleased with you.
You visited 2 branches of the dungeon, and saw 10 of its levels.

You collected 397 gold pieces.

Inventory:

Hand Weapons
 f - a +4 flail of venom (weapon)
 n - a +2 falchion of holy wrath
Armour
 b - a +0 animal skin (worn)
 p - a +0 kite shield (worn)
 u - a +0 cloak (worn)
Jewellery
 h - a ring of willpower (left hand)
 l - an amulet of regeneration (around neck)
 y - a ring of willpower
 D - an amulet of reflection
Wands
 o - a wand of polymorph (10)
 s - a wand of flame (17)
 C - a wand of digging (8)
Scrolls
 j - 2 scrolls of teleportation
 r - 2 scrolls of revelation
 t - a scroll of blinking
 v - a scroll of amnesia
 B - a scroll of brand weapon
 E - a scroll of vulnerability
Potions
 a - a potion of experience {unknown}
 e - a potion of degeneration {unknown}
 g - 4 potions of enlightenment {unknown}
 i - 3 potions of attraction {unknown}
 k - a potion of brilliance {unknown}
 m - 2 potions of curing {unknown}
 q - 2 potions of magic {unknown}
 w - 2 potions of invisibility {unknown}
 x - a potion of might {unknown}
 z - a potion of berserk rage {unknown}
 A - a potion of resistance {unknown}


   Skills:
 + Level 9.1 Fighting
 + Level 5.9(7.7) Axes
 + Level 6.8(7.7) Maces & Flails
 + Level 5.8 Dodging
 + Level 2.3 Stealth
 + Level 4.3 Shields


You had 8 spell levels left.
You didn't know any spells.
Your spell library was empty.

Dungeon Overview and Level Annotations

Branches:
Dungeon (9/15)             Temple (1/1) D:5            Lair (0/5) D:9
    Orc: D:9-12

Altars:
Cheibriados
Dithmenos
Elyvilon
Fedhas
Gozag
Hepliaklqana
Kikubaaqudgha
Makhleb
Nemelex Xobeh
Okawaru
Qazlal
Ru
Sif Muna
Trog
Uskayaw
Vehumet
Wu Jian
Xom
Yredelemnul
Zin
The Shining One

Shops:
D:4 **:

Annotations:
D:3 Ijyb, Jessica
D:6 2 transporters, Sapher's ghost, amateur HOWr
D:8 Pikel
D:9 Grum


Innate Abilities, Weirdness & Mutations

You are too large for most types of armour.
You have tough skin. (AC +1)


Message History

You block the wolf's attack. The wolf bites you!
You thump the wolf!
The wolf looks as sick as possible!
The wolf is severely wounded.
You block the wolf's attack. You block Grum's attack. The wolf misses you.
You hit the wolf.
You kill the wolf!
Trog accepts your kill. You block Grum's attack. The wolf bites you!
You closely miss the wolf. The wolf bites you!
Grum hits you from afar with a +0 spear!!
The wolf completely misses you. You block Grum's attack.
You hit the wolf.
The wolf is poisoned.
The wolf is moderately wounded.
You block the wolf's attack. The wolf completely misses you.
You block Grum's attack.
You closely miss the wolf.
The wolf is heavily wounded.
You block the wolf's attack.
Grum hits you from afar with a +0 spear.
The wolf barely misses you.
You closely miss the wolf.
The wolf is heavily wounded.
The wolf closely misses you.
Grum hits you from afar with a +0 spear!
The wolf misses you.
You miss the wolf.
The wolf is heavily wounded.
The wolf misses you.
Grum hits you from afar with a +0 spear!!
* * * LOW HITPOINT WARNING * * *
You block the wolf's attack.
You miss the wolf.
The wolf is heavily wounded.
You block the wolf's attack.
Grum bares his teeth.
Grum hits you from afar with a +0 spear!
* * * LOW HITPOINT WARNING * * *
You block the wolf's attack.
Grum hits you from afar with a +0 spear.
You die...

...# ... ... .. .#
##.# .. #hg# #.# #h#
####'### ##@####
#......# ####.....#
#......###........#
#......##..##.....#
#......##.###.....#
###......'..#
#.....#
))).)....####
#.....# ###.......#
#.....#
##...###.#######.###


You could see Grum and 2 wolves.

Vanquished Creatures
  Prince Ribbit (D:5)
  2 wraiths (D:9)
  Menkaure (D:6)
  Edmund (D:4)
  Pargi (D:3)
  5 orc warriors
  A black bear (D:9)
  3 ogres
  A wolf (D:9)
  A phantom (D:5)
  A centaur (D:6)
  A lemure (D:7)
  Blork the orc (D:4)
  3 scorpions
  Dowan (D:6)
  3 hounds
  A jelly (D:5)
  4 orc priests
  A gnoll bouda (D:4)
  2 iguanas
  2 orc wizards
  Robin (D:3)
  8 gnolls
  10 adders
  An ufetubus (D:5)
  A worm (D:4)
  9 dart slugs
  29 orcs
  4 ball pythons
  8 endoplasms
  4 giant cockroaches
  14 hobgoblins
  7 jackals
  4 quokkas
  3 bats
  6 frilled lizards
  19 goblins
  13 kobolds
  8 rats
186 creatures vanquished.

Vanquished Creatures (collateral kills)
  Duvessa (D:6)
  A black bear (D:9)
  A bullfrog (D:9)
  A scorpion (D:6)
  A wight (D:9)
  A gnoll (D:6)
  3 orcs
9 creatures vanquished.

Grand Total: 195 creatures vanquished

Notes
Turn   | Place    | Note
-------+----------+-------------------------------------------
     0 | D:1      | Maratek the Ogre Berserker began the quest for the Orb.
     0 | D:1      | Reached XP level 1. HP: 24/24 MP: 1/1
   104 | D:1      | Reached XP level 2. HP: 25/32 MP: 2/2
   458 | D:1      | Reached ** piety under Trog
   522 | D:1      | Reached XP level 3. HP: 38/40 MP: 3/3
  1291 | D:2      | Reached XP level 4. HP: 44/49 MP: 4/4
  1597 | D:3      | Noticed Jessica
  1652 | D:3      | Reached *** piety under Trog
  1722 | D:3      | Reached XP level 5. HP: 48/55 MP: 5/5
  1805 | D:3      | Noticed Robin
  1814 | D:3      | Killed Robin
  1815 | D:3      | Reached skill level 5 in Fighting
  1930 | D:3      | Noticed Pargi
  1943 | D:3      | Killed Pargi
  1944 | D:3      | Reached skill level 5 in Axes
  1944 | D:3      | Reached XP level 6. HP: 66/66 MP: 6/6
  2355 | D:3      | Noticed Ijyb
  2382 | D:4      | Found Olekiohueb's General Store.
  2385 | D:4      | Found Kaprevvu's Specific Store.
  2627 | D:4      | Noticed Edmund
  2640 | D:4      | Killed Edmund
  2641 | D:4      | Reached skill level 6 in Fighting
  2641 | D:4      | Reached XP level 7. HP: 75/75 MP: 7/7
  2691 | D:4      | Found Fuimefat's Book Boutique.
  3185 | D:4      | Noticed Blork the orc
  3189 | D:4      | Killed Blork the orc
  3190 | D:4      | Reached skill level 1 in Stealth
  3190 | D:4      | Reached skill level 1 in Shields
  3216 | D:4      | Reached skill level 1 in Maces & Flails
  3371 | D:5      | Entered Level 5 of the Dungeon
  3437 | D:5      | Reached **** piety under Trog
  3702 | D:5      | Found a staircase to the Ecumenical Temple.
  3715 | D:5      | Noticed Prince Ribbit
  3728 | D:5      | Killed Prince Ribbit
  3729 | D:5      | Reached XP level 8. HP: 78/84 MP: 8/8
  3772 | Temple   | Entered the Ecumenical Temple
  4032 | D:6      | Noticed Menkaure
  4049 | D:6      | Killed Menkaure
  4050 | D:6      | Reached skill level 7 in Fighting
  4216 | D:6      | Found a transporter.
  4221 | D:6      | Found a transporter.
  4223 | D:6      | Noticed Sapher's ghost (amateur HOWr)
  4453 | D:6      | Noticed Dowan
  4462 | D:6      | Noticed Duvessa
  4525 | D:6      | Killed Duvessa
  4526 | D:6      | Reached skill level 5 in Maces & Flails
  4547 | D:6      | Killed Dowan
  4710 | D:6      | Found a basalt altar of Yredelemnul.
  4717 | D:6      | Found a radiant altar of Vehumet.
  4720 | D:6      | Found an opulent altar of Gozag.
  5074 | D:8      | Noticed Pikel
  5294 | D:7      | Reached XP level 9. HP: 93/93 MP: 9/9
  5311 | D:7      | Reached skill level 5 in Dodging
  5531 | D:9      | Reached skill level 8 in Fighting
  6764 | D:9      | Found a staircase to the Lair.
  6785 | D:9      | Found a glowing silver altar of Zin.
  6843 | D:9      | Reached skill level 9 in Fighting
  6911 | D:9      | Noticed Grum
  6926 | D:9      | Slain by Grum

Illustrated notes

Levels and vault maps discovered:
D:1:      minmay_arrival_checkered_box, layout_rooms
D:2:      layout_loops_ring
D:3:      kennysheep_the_goblin_king, layout_rooms, uniq_pargi, uniq_robin,
          uniq_jessica
D:4:      layout_cave_pods, serial_shops, shop, serial_park_tiny_pond,
          st_stairs_2, nicolae_specific_store, grunt_ministairs_11, uniq_edmund,
          uniq_blork_the_orc
D:5:      kennysheep_slugbush, layout_cave_pools, uniq_prince_ribbit1
D:6:      layout_basic, grunt_temple_overflow_diamond, gammafunk_ghost_hive,
          st_stairs_6, kennysheep_crisscross, uniq_duvessa, uniq_menkaure
D:7:      layout_layer_cave, uniq_maggie
D:8:      layout_cave_pools, uniq_joseph, uniq_pikel, uniq_gastronok
D:9:      layout_roguey [special_room_orc],
          mainiacjoe_overflow_concentric_impassable,
          grunt_lair_entry_orc_guard_hut, uniq_grum
Temple:   minmay_crystal_spiral_temple

Skill      XL: |  1  2  3  4  5  6  7  8  9 |
---------------+----------------------------+-----
Dodging        | 3 4 5 |  5.8
Axes           | 4 5 |  5.9
Fighting       | 5 6 7 9 |  9.1
Stealth        | 1 2 |  2.3
Shields        | 1 3 4 |  4.3
Maces & Flails | 3 5 6 |  6.8

Action                     |  1- 3 |  4- 6 |  7- 9 || total
---------------------------+-------+-------+-------++-------
  Melee: Hand axe          |   127 |   154 |       ||   281
         Punch             |       |     1 |       ||     1
         Flail             |       |       |   279 ||   279
 Invoke: Berserk           |       |     4 |     5 ||     9
         Brothers in Arms  |       |       |     2 ||     2
         Trog's Hand       |       |       |     2 ||     2
    Use: Scroll            |       |     6 |     4 ||    10
         Potion            |       |       |     5 ||     5
   Stab: Sleeping          |       |       |     1 ||     1
 Armour: Animal skin       |    47 |    24 |    39 ||   110
  Dodge: Dodged            |    69 |    62 |   130 ||   261
  Block: Kite shield       |       |    19 |   151 ||   170

Table legend: (Time is in decaauts)
 A = Elapsed time spent in this place.
 B = Non-inter-level travel time spent in this place.
 C = Inter-level travel time spent in this place.
 D = Time resting spent in this place.
 E = Time spent auto-exploring this place.
 F = Levels seen in this place.
 G = Mean time per level.
                   A        B        C        D        E       F      G
               +--------+--------+--------+--------+--------+-----+--------+
         Total |   7133 |   7126 |      7 |   1776 |   3021 |  10 |  713.3 |
       Dungeon |   7131 |   7124 |      7 |   1776 |   3021 |   9 |  792.3 |
        Temple |      1 |      1 |      0 |      0 |      0 |   1 |    1.0 |
               +--------+--------+--------+--------+--------+-----+--------+

Top non-repeatable levels by time:
     D:9: 1495 daAuts
     D:4: 1045 daAuts
     D:6: 874 daAuts
     D:3: 860 daAuts
     D:2: 823 daAuts
     D:1: 722 daAuts
     D:5: 687 daAuts
     D:7: 473 daAuts
     D:8: 148 daAuts
  Temple: 1 daAuts
